Map: Ulrena

Players

LilDicky

  • Race: Terran Terran
  • League: Diamond

AAAQZAAA - Winner!

  • Race: Zerg Zerg
  • League: Diamond

VOD

http://www.twitch.tv/tumescentpie

Description

Time

  • Played on: Dec. 25, 2015, 12:25 a.m.
  • Length: 9:06
Show
View Real Time Build Order
Export as new Build Order

LilDicky Terran 

Build Orders: 1/1/1, Hellion Banshee 

Get SALT Encoding   

  12  0:01  SCV  
  13  0:13  SCV  
  14  0:17  Supply Depot  
  14  0:25  SCV  
  15  0:36  Refinery  
  15  0:39  SCV  
  16  0:45  Barracks  
  16  0:51  SCV  
  17  1:03  SCV  
  18  1:17  SCV  
  19  1:29  SCV  
  20  1:33  Supply Depot, Marine  
  20  1:38  Factory  
  21  1:40  Refinery  
  21  1:45  Orbital Command  
  21  2:02  Barracks Reactor  
  21  2:05  Supply Depot  
  21  2:13  SCV  
  22  2:25  SCV  
  22  2:29  Starport  
  23  2:37  SCV  
  24  2:46  Hellion x2  
  24  2:51  Barracks Tech Lab  
  28  2:52  SCV  
  29  3:04  SCV  
  30  3:07  Hellion x2  
  34  3:16  SCV  
  35  3:22  Supply Depot  
  35  3:25  Cloaking Field  
  35  3:26  Banshee  
  38  3:28  SCV  
  38  3:31  Armory  
  39  3:43  Marine  
  39  3:44  SCV  
  39  3:45  Supply Depot  
  39  3:47  Hellion  
  43  3:59  SCV  
  45  4:09  Banshee, Hellion  
  50  4:11  SCV  
  50  4:14  Hellion  
  52  4:21  Supply Depot  
  52  4:23  SCV  
  53  4:36  SCV  
  43  4:53  Hellion  
  43  5:04  Hellion  
  45  5:14  Hellion  
  41  5:33  Hellion  
  43  5:36  Hellion  
  43  5:39  Command Center  
  45  5:46  Barracks x2  
  45  5:47  Barracks  
  45  5:49  Barracks x2  
  45  5:54  Marine  
  45  5:55  Hellion  
  48  5:57  Hellion  
  51  6:04  SCV  
  51  6:16  SCV  
  52  6:28  SCV  
  36  6:53  Barracks Tech Lab x5  
  36  6:54  Barracks Tech Lab  
  36  7:02  Widow Mine  
  36  7:03  Widow Mine  
  36  7:06  Banshee  
  43  7:09  SCV  
  43  7:12  Marauder x2  
  43  7:13  Marauder x2  
  52  7:21  SCV, Engineering Bay  
  53  7:30  SCV, Widow Mine  
  53  7:33  SCV  
  57  7:39  Marine x3  
  60  7:52  Marine  
  60  7:53  SCV, Marauder x2  
  60  7:57  Marine  
  67  7:59  Orbital Command  
  67  8:06  SCV  
  68  8:17  Missile Turret  
  68  8:18  SCV  
  68  8:19  Marauder  
  71  8:33  Marauder x3, Marine x2  
  77  8:37  Orbital Command  
  77  8:40  Marine  
Show
View Real Time Build Order
Export as new Build Order

AAAQZAAA Zerg - Winner!

Build Orders: Hatch First 

Get SALT Encoding   

  12  0:01  Drone  
  13  0:08  Drone  
  14  0:17  Overlord  
  14  0:24  Drone, Extractor  
  15  0:35  Drone x2  
  17  0:45  Drone  
  18  1:00  Hatchery, Drone  
  18  1:15  Spawning Pool  
  18  1:16  Drone  
  18  1:20  Drone  
  19  1:27  Drone  
  19  1:31  Extractor  
  19  1:38  Drone  
  20  1:52  Drone  
  21  2:00  Hatchery  
  20  2:12  Queen  
  20  2:13  Queen  
  25  2:29  Drone x3  
  28  2:30  Overlord  
  28  2:31  Roach Warren  
  28  2:35  Drone  
  28  2:41  Extractor  
  28  2:43  Drone  
  28  2:53  Drone x3  
  28  2:55  Zergling x2  
  32  3:02  Overlord  
  32  3:13  Drone x2  
  32  3:17  Drone  
  35  3:26  Roach  
  43  3:27  Roach x3  
  43  3:35  Overlord  
  43  3:38  Overlord  
  43  3:45  Extractor  
  43  3:46  Drone  
  43  3:47  Drone, Extractor  
  43  3:48  Drone  
  43  3:53  Roach x3  
  49  4:00  Drone x4  
  53  4:08  Drone x2  
  55  4:15  Drone  
  56  4:32  Queen  
  56  4:36  Spore Crawler, Overlord x2  
  57  4:47  Roach x2  
  53  5:00  Spore Crawler  
  53  5:03  Lair  
  52  5:07  Spore Crawler  
  52  5:08  Spore Crawler  
  49  5:37  Roach x10  
  49  5:39  Queen  
  71  5:44  Spore Crawler  
  70  5:53  Roach x3  
  76  6:06  Nydus Network  
  75  6:15  Overlord  
  75  6:16  Overlord  
  75  6:27  Overseer  
  69  6:47  Roach  
  69  6:48  Roach x2  
  69  6:49  Queen  
  69  6:50  Roach x2  
  69  6:51  Ravager  
  69  6:52  Ravager x2  
  84  6:55  Ravager x2  
  84  6:56  Ravager  
  84  6:57  Overseer  
  84  6:59  Roach x2  
  91  7:15  Overlord  
  91  7:16  Overlord  
  91  7:24  Spine Crawler  
  90  7:31  Nydus Canal  
  90  7:39  Roach  
  90  7:40  Roach x6  
  104  7:49  Roach  
  104  7:50  Roach  
  108  8:01  Nydus Canal  
  108  8:11  Overlord  
  108  8:12  Overlord  
  108  8:29  Queen  
Tags
 
Add a new tag
Caveats
  • Supply blocks, unpowered buildings, or Contaminate may cause inaccurate times.
  • Supply counts are checked every 10 seconds.